 Dungeon Crawl Stone Soup version 0.17-a0-1778-gd369669 (webtiles) character file.

119476 KambridgeKobold the Bludgeoner (level 16, 0/95 HPs)
             Began as a Minotaur Fighter on Sept 8, 2015.
             Was a High Priest of Qazlal.
             Slain by a starcursed mass (5 damage)
             ... on level 1 of the Abyss.
             The game lasted 02:33:04 (34340 turns).

KambridgeKobold the Bludgeoner (Minotaur Fighter)  Turns: 34340, Time: 02:33:04

Health: 0/95       AC: 22    Str: 25      XL:     16   Next: 27%
Magic:  15/15      EV: 12    Int:  5      God:    Qazlal [*****.]
Gold:   1473       SH: 22    Dex: 13 (14) Spells: 0 memorised, 15 levels left

rFire  + + .     SeeInvis +     H - +3 morningstar (crush)
rCold  . . .     Rnd*Rage +     V - +4 plate armour of the Game of Life {rF- Regen+ Str+7}
rNeg   + . .     SustAt   .     c - +0 shield
rPois  +         Gourm    +     (helmet restricted)
rElec  +         Spirit   .     Z - +2 cloak "Pitegg" {rElec rF+}
rCorr  .         Warding  .     J - +1 pair of gloves
rMut   .         Rnd*Tele +     (no boots)
MR     ++...                    r - amulet of the gourmand
Stlth  ..........               v - ring "Ymnewkin" {rF+ MR+ Int+2 Dex+4}
                                K - ring "Lawoil" {*Contam rPois rF+ rN+ SInv}

@: non-regenerating, diseased, repel missiles, very resistant to hostile
enchantments, extremely unstealthy
A: retaliatory headbutt, horns 2, berserk 3, blurry vision 3, clumsy 2, deformed
body, deterioration 2, dopey 2, frail 3, low mp 3, poison resistance, screaming
3, slow healing 3, teleportitis 2, weak 2, no device heal 3, subdued magic 3,
MP-powered wands
a: Upheaval, Elemental Force, Disaster Area, Renounce Religion


You were on level 1 of the Abyss.
You worshipped Qazlal.
Qazlal was extremely pleased with you.
You were not hungry.

You visited 5 branches of the dungeon, and saw 28 of its levels.
You visited the Abyss 1 time.

You collected 2406 gold pieces.
You spent 933 gold pieces at shops.

Inventory:

Hand weapons
 y - the +7 arbalest of Bucac {flame, rElec Str+5 Int-4}
   (You found it on level 4 of the Lair of Beasts)

   It causes projectiles fired from it to burn those they strike, causing extra
   injury to most foes and up to half again as much damage against particularly
   susceptible opponents.
   It affects your strength (+5).
   It affects your intelligence (-4).
   It insulates you from electricity.
 H - a +3 morningstar of crushing (weapon)
Missiles
 U - 63 tomahawks (quivered)
Armour
 a - a +0 plate armour
 c - a +0 shield (worn)
 t - a +0 large shield
 J - a +1 pair of gloves (worn)
 S - a +1 cloak
 V - the +4 plate armour of the Game of Life (worn) {rF- Regen+ Str+7}
   (You bought it in a shop on level 4 of the Orcish Mines)

   It affects your strength (+7).
   It makes you vulnerable to fire.
   It increases your rate of regeneration.
 Z - the +2 cloak "Pitegg" (worn) {rElec rF+}
   (You acquired it on level 1 of the Abyss)

   It protects you from fire.
   It insulates you from electricity.
Jewellery
 b - an uncursed amulet of clarity
 h - a +3 ring of dexterity
 j - an uncursed ring of sustain attributes
 n - an uncursed amulet of stasis
 r - an amulet of the gourmand (around neck)
 s - an uncursed ring of see invisible
 v - the ring "Ymnewkin" (right hand) {rF+ MR+ Int+2 Dex+4}
   (You found it on level 4 of the Lair of Beasts)

   [ring of dexterity]

   It affects your intelligence (+2).
   It affects your dexterity (+4).
   It protects you from fire.
   It affects your resistance to hostile enchantments.
 G - an uncursed ring of protection from magic
 K - the ring "Lawoil" (left hand) {*Contam rPois rF+ rN+ SInv}
   (You found it on level 14 of the Dungeon)

   [ring of positive energy]

   It protects you from fire.
   It protects you from poison.
   It protects you from negative energy.
   It lets you see invisible.
   It causes magical contamination when unequipped.
 P - a +4 ring of evasion
Magical devices
 p - a wand of confusion (21)
 E - a wand of fire (6)
 F - a wand of paralysis (7)
 L - a wand of disintegration (15)
 Q - a wand of polymorph (10)
 R - a wand of magic darts (13)
Scrolls
 f - 5 scrolls of teleportation
 l - 5 scrolls of recharging
 u - 2 scrolls of identify
 w - 3 scrolls of magic mapping
 x - 4 scrolls of enchant weapon
 z - a scroll of summoning
 A - 18 scrolls of remove curse
 B - 3 scrolls of immolation
 C - a scroll of blinking
Potions
 d - 5 potions of might
 g - 5 potions of agility
 i - a potion of brilliance
 k - 5 potions of resistance
 q - 4 potions of flight
 D - 4 potions of curing
 I - 3 potions of haste
 O - 3 potions of cancellation
 T - 2 potions of lignification
 W - 6 potions of berserk rage
Miscellaneous
 N - a fan of gales
Comestibles
 e - 18 bread rations
 m - 6 beef jerkies
 o - 15 meat rations
 M - 11 fruits
 X - 25 royal jellies
 Y - 6 slices of pizza


   Skills:
 + Level 10.6 Fighting
 + Level 16.4 Maces & Flails
 - Level 6.1 Crossbows
 + Level 15.9 Armour
 - Level 10.2 Dodging
 - Level 15.8 Shields
 - Level 10.1 Invocations
 - Level 6.1 Evocations


You had 15 spell levels left.
You didn't know any spells.

Dungeon Overview and Level Annotations

Branches:
Dungeon (15/15)              Lair (6/8) D:8          Shoals (0/4) Lair:3
  Snake (1/4) Lair:4        Slime (0/6) Lair:6          Orc (4/4) D:9
    Elf (2/3) Orc:4        Vaults (0/5) D:14
 Temple: D:4-7       Depths: D:15

Altars:
Dithmenos
Elyvilon
Fedhas
Gozag
Kikubaaqudgha
Makhleb
Okawaru
Qazlal
Ru
Trog
Beogh
Jiyva

Shops:
D:8 :   D:13 %   Orc:1 *   Orc:4 ?[([?

Annotations:
Lair:6 exclusion: 3 oklob plants
Snake:1 Louise
Elf:1 exclusion: orange crystal statue
Elf:2 Saint Roka


Innate Abilities, Weirdness & Mutations

You reflexively headbutt those who attack you in melee.
You have a pair of horns on your head.
Your system is resistant to poisons.
[You have an uncontrollable temper.]
[Scrolls take you much longer to read.]
[You are very clumsy. (Dex -4)]
[Armour fits poorly on your strangely shaped body.]
[Your body often deteriorates upon taking damage.]
[You are very dopey. (Int -4)]
[You are extremely frail (-30% HP).]
[Your magical capacity is extremely low (-30% MP).]
[You frequently scream uncontrollably at your foes.]
[You do not heal naturally.]
[You are sometimes teleported to nearby monsters.]
[You are very weak. (Str -4)]
[Potions and wands cannot restore your health.]
[Your spells are much easier to cast, but much less powerful.]
[You expend magic power (3 MP) to strengthen your wands.]


Message History

You block the ufetubus's attack. The neqoxec closely misses you.
The ufetubus hits you but does no damage.
You block the ufetubus's attack. You block the starcursed mass's attack.
You block the ufetubus's attack.
The ufetubus hits you but does no damage.
The ufetubus hits you.
* * * LOW HITPOINT WARNING * * *
You block the ufetubus's attack.
The smoke demon moves out of view.
You block the starcursed mass's attack. The starcursed mass barely misses you.
Drink which item? (? for menu, Esc to quit)
Okay, then.
Read which item? (? for menu, Esc to quit)
Really read with blurry vision while enemies are nearby? [Y]es or [N]o only, please.
Really read with blurry vision while enemies are nearby?
Keep reading the scroll?
A chorus of shrieks assaults your mind.
* * * LOW HITPOINT WARNING * * *
The starcursed mass engulfs you.
You die...

### ##..###.
##......#
###..##
###.#.#.#
#.z#.#..####
#.###§#.§#....#
#...53XX#XX#.##
...##.##@#§#..##
#....3.5X....##.
#..#####.##.###
### #.. ####X#.§
..#. #.
..5#.....#. .
#..###...§5....
# ###.....#


You could see 3 starcursed masses, a smoke demon, a neqoxec, a flying skull and
2 ufetubi.

Vanquished Creatures
  3 tentacled starspawn (Abyss:1)
  Maud (Lair:3)
  A deep elf annihilator (Elf:1)
  5 small abominations
  2 deep elf demonologists (Elf:1)
  Azrael (Elf:1)
  An ettin (D:15)
  5 ogre magi
  A naga warrior (Snake:1)
  5 centaur warriors
  9 hydras
  2 anacondas (Snake:1)
  2 tengu warriors
  2 hell hogs (Abyss:1)
  2 naga sharpshooters (Snake:1)
  A soul eater (Abyss:1)
  Nergalle (Orc:3)
  9 deep elf knights
  A wretched star (Abyss:1)
  A deep troll (D:15)
  3 unseen horrors
  An orc knight (D:15)
  2 wizards (D:14)
  9 hill giants
  A naga ritualist (Snake:1)
  Pikel (D:4)
  A hill giant (shapeshifter) (D:15)
  6 deep elf summoners (Elf:1)
  11 deep elf conjurers
  An orc sorcerer (Orc:4)
  12 ugly things
  A mana viper (Snake:1)
  A wolf spider zombie (D:12)
  A manticore (D:15)
  2 griffons (D:14)
  A salamander (Snake:1)
  5 cyclopes
  10 elephants (Lair:6)
  2 worldbinders (Abyss:1)
  A naga mage (Snake:1)
  4 centaur zombies
  A siren (Lair:3)
  A gargoyle (D:12)
  An orange demon (Abyss:1)
  Psyche (D:9)
  8 black mambas
  A smoke demon (Abyss:1)
  3 centaur skeletons
  10 komodo dragons
  2 kobold demonologists
  2 efreet (Abyss:1)
  A polar bear (Lair:3)
  A queen bee (Lair:2)
  10 spiny frogs
  12 two-headed ogres (Orc:4)
  4 deep elf priests
  2 fire drakes
  An ancient zyme (Abyss:1)
  16 blink frogs
  A freezing wraith (D:14)
  16 trolls
  A hornet zombie (D:14)
  A ynoxinul (Abyss:1)
  A yak (shapeshifter) (D:14)
  2 shadows
  4 fire elementals (Elf:1)
  5 deep elf fighters
  2 deep elf magi
  3 hungry ghosts
  2 wraiths
  30 yaks
  A wolf (D:9)
  6 hippogriffs
  2 steam dragons
  5 basilisks
  4 wyverns
  2 mottled dragons
  A naga (Snake:1)
  4 wargs
  A soldier ant (D:14)
  15 water moccasins
  Duvessa (D:6)
  24 orc warriors
  6 ice beasts
  A wasp (D:13)
  33 ogres
  A necrophage (D:14)
  4 sky beasts
  5 black bears
  3 phantoms
  A slave (D:4)
  6 porcupines
  A brain worm (D:15)
  12 crocodiles
  6 centaurs
  2 large abominations (Abyss:1)
  24 giant frogs
  3 big kobolds
  Dowan (D:6)
  A wyvern skeleton (D:10)
  A scorpion (D:4)
  28 killer bees
  16 wights
  11 crimson imps
  An electric eel (D:9)
  30 orc priests
  A wasp zombie (D:11)
  3 quasits
  6 hounds
  A giant frog zombie (D:9)
  6 jellies
  Crazy Yiuf (D:7)
  41 orc wizards
  A giant frog skeleton (D:12)
  12 worker ants
  7 iguanas
  3 hell rats (Lair:6)
  Natasha (thrice) (D:2)
  7 sheep
  7 gnolls
  49 river rats
  15 adders
  4 shadow imps
  A white imp (D:9)
  A worker ant simulacrum (D:9)
  2 ufetubi
  5 oozes (D:8)
  3 adder zombies
  An adder skeleton (D:7)
  7 worms
  4 giant geckos
  167 orcs
  5 bats
  5 giant cockroaches
  8 goblins
  8 hobgoblins
  11 jackals
  27 kobolds
  6 quokkas
  2 ball pythons (D:2)
  A giant gecko simulacrum (D:9)
  A giant gecko zombie (D:5)
  7 giant newts
  A quokka simulacrum (D:9)
  8 rats
  37 fungi
  17 plants
  6 starspawn tentacles (Abyss:1)
1047 creatures vanquished.

Vanquished Creatures (collateral kills)
  An elephant (Lair:6)
  A spiny frog (Lair:1)
  A giant frog (Lair:1)
  3 hell rats (Lair:6)
6 creatures vanquished.

Vanquished Creatures (others)
  A slave (D:4)
  A deep elf fighter (Elf:1)
  A phantom (D:4)
  A quasit (Abyss:1)
  An iguana (D:4)
  An orc wizard (D:4)
  3 orcs
  11 fungi
  6 plants
  29 starspawn tentacles (Abyss:1)
  451 starspawn tentacle segments (Abyss:1)
506 creatures vanquished.

Grand Total: 1559 creatures vanquished

Notes
Turn   | Place    | Note
--------------------------------------------------------------
     0 | D:1      | KambridgeKobold the Minotaur Fighter began the quest for the Orb.
     0 | D:1      | Reached XP level 1. HP: 19/19 MP: 0/0
   201 | D:1      | Reached skill level 4 in Fighting
   201 | D:1      | Reached XP level 2. HP: 27/27 MP: 1/1
   485 | D:1      | Reached XP level 3. HP: 31/33 MP: 2/2
  1007 | D:2      | Noticed Natasha
  1020 | D:2      | Killed Natasha
  1020 | D:2      | Reached XP level 4. HP: 13/40 MP: 3/3
  1742 | D:2      | Noticed Natasha
  1749 | D:2      | Killed Natasha
  1749 | D:2      | Reached skill level 5 in Armour
  2025 | D:2      | Noticed Natasha
  2031 | D:2      | Killed Natasha
  2304 | D:3      | Reached XP level 5. HP: 31/46 MP: 4/4
  2979 | D:3      | Reached skill level 5 in Maces & Flails
  3442 | D:4      | Reached skill level 5 in Shields
  3644 | D:4      | Noticed a slave
  3645 | D:4      | Noticed a slave
  3646 | D:4      | Noticed a slave
  3647 | D:4      | Noticed Pikel
  3653 | D:4      | Killed a slave
  3654 | D:4      | Noticed a slave
  3664 | D:4      | Killed Pikel
  3664 | D:4      | Reached skill level 7 in Maces & Flails
  3664 | D:4      | Reached XP level 6. HP: 16/52 MP: 5/5
  3664 | D:4      | Reached XP level 7. HP: 18/59 MP: 6/6
  3803 | D:4      | Killed a phantom
  3849 | D:4      | Killed a freed slave
  4114 | D:4      | Noticed a centaur
  4122 | D:4      | Killed a centaur
  4178 | D:4      | Found a stormy altar of Qazlal.
  4181 | D:4      | Found an ancient bone altar of Kikubaaqudgha.
  4538 | D:4      | Found an iron altar of Okawaru.
  4538 | D:4      | Found a burning altar of Makhleb.
  4539 | D:4      | Found a blossoming altar of Fedhas.
  4569 | D:5      | Entered Level 5 of the Dungeon
  4636 | D:5      | Reached skill level 8 in Maces & Flails
  4842 | D:5      | Reached XP level 8. HP: 64/66 MP: 7/7
  6169 | D:6      | Noticed Duvessa
  6171 | D:6      | Noticed Dowan
  6181 | D:6      | Killed Duvessa
  6196 | D:6      | Killed Dowan
  6280 | D:6      | Reached skill level 9 in Maces & Flails
  6468 | D:4      | Became a worshipper of Qazlal Stormbringer
  6662 | D:6      | Found a bloodstained altar of Trog.
  6772 | D:6      | Found an opulent altar of Gozag.
  6826 | D:7      | Found a shadowy altar of Dithmenos.
  7118 | D:7      | Noticed Crazy Yiuf
  7123 | D:7      | Killed Crazy Yiuf
  7123 | D:7      | Reached skill level 10 in Maces & Flails
  7168 | D:7      | Acquired Qazlal's first power
  7220 | D:7      | Reached XP level 9. HP: 71/71 MP: 8/8
  8561 | D:8      | Reached skill level 10 in Armour
  8590 | D:8      | Acquired Qazlal's second power
  8816 | D:8      | Reached skill level 5 in Fighting
  8816 | D:8      | Reached skill level 1 in Invocations
  8853 | D:8      | Gained mutation: Your system is resistant to poisons. [mutagenic meat]
  8889 | D:8      | Found a staircase to the Lair.
  9030 | D:8      | Found a sacrificial altar of Ru.
  9070 | D:8      | Found Kugytast's Book Emporium.
  9330 | D:8      | Reached XP level 10. HP: 83/83 MP: 9/11
  9667 | D:9      | Noticed Psyche
  9685 | D:9      | Killed Psyche
  9685 | D:9      | Reached skill level 10 in Shields
  9704 | D:9      | Acquired Qazlal's third power
  9857 | D:9      | Found a staircase to the Orcish Mines.
 10966 | D:10     | Entered Level 10 of the Dungeon
 11093 | D:10     | Reached skill level 5 in Invocations
 11228 | D:10     | Reached skill level 1 in Evocations
 11241 | D:10     | Noticed a hill giant
 11256 | D:10     | Killed a hill giant
 11697 | D:10     | Found a white marble altar of Elyvilon.
 11752 | D:10     | Reached skill level 11 in Armour
 12152 | D:11     | Noticed a hill giant
 12462 | D:11     | Noticed a six-headed hydra
 12468 | D:11     | Killed a six-headed hydra
 12468 | D:11     | Reached XP level 11. HP: 64/89 MP: 13/13
 12788 | D:11     | Noticed a soul eater
 12791 | D:11     | Noticed an ice devil
 12934 | D:11     | Killed a hill giant
 13373 | D:11     | Noticed a purple ugly thing
 13389 | D:11     | Killed a purple ugly thing
 13413 | D:11     | Reached skill level 5 in Evocations
 13806 | D:11     | Reached skill level 12 in Armour
 14329 | Lair:1   | Entered Level 1 of the Lair of Beasts
 14346 | Lair:1   | Acquired Qazlal's fourth power
 14675 | Lair:2   | Noticed an eight-headed hydra
 14687 | Lair:2   | Killed an eight-headed hydra
 14687 | Lair:2   | Reached skill level 1 in Dodging
 15684 | Lair:2   | Reached XP level 12. HP: 90/97 MP: 15/15
 16191 | Lair:1   | Noticed a five-headed hydra
 16204 | Lair:1   | Killed a five-headed hydra
 16204 | Lair:1   | Reached skill level 13 in Armour
 16474 | Lair:1   | Acquired Qazlal's fifth power
 16752 | Lair:1   | Reached skill level 5 in Dodging
 17377 | Lair:3   | Noticed Maud
 17398 | Lair:3   | Killed Maud
 17615 | Lair:3   | Found a staircase to the Shoals.
 18481 | Lair:4   | Noticed a five-headed hydra
 18492 | Lair:4   | Killed a five-headed hydra
 18735 | Lair:4   | Got a faintly glowing arbalest
 18817 | Lair:4   | Got a slimy glass ring
 18819 | Lair:4   | Identified the ring "Ymnewkin" {rF+ MR+ Int+2 Dex+4} (You found it on level 4 of the Lair of Beasts)
 18988 | Lair:4   | Found a staircase to the Snake Pit.
 19554 | Lair:5   | Reached XP level 13. HP: 111/111 MP: 17/17
 20355 | Lair:6   | Identified the +7 arbalest of Bucac {flame, rElec Str+5 Int-4} (You found it on level 4 of the Lair of Beasts)
 20438 | Lair:6   | Reached skill level 1 in Crossbows
 20539 | Lair:6   | Found a staircase to the Slime Pits.
 20539 | Lair:6   | Found a viscous altar of Jiyva.
 21898 | Lair:6   | Reached skill level 5 in Crossbows
 22235 | Orc:1    | Entered Level 1 of the Orcish Mines
 22717 | Orc:1    | Found Qaux's Assorted Antiques.
 22725 | Orc:1    | Bought a scroll labeled RIOCEI NYXIMOR for 30 gold pieces
 23323 | Orc:3    | Noticed Nergalle
 23360 | Orc:3    | Killed Nergalle
 23843 | Orc:4    | Entered Level 4 of the Orcish Mines
 23892 | Orc:4    | Reached XP level 14. HP: 61/118 MP: 19/19
 24573 | Orc:4    | Found a staircase to the Elven Halls.
 24628 | Orc:4    | Found Esederph's Antique Weapon Shop.
 24628 | Orc:4    | Found Pahane Viwn's Magic Scroll Shoppe.
 24629 | Orc:4    | Found Ogapnul's Armour Emporium.
 24629 | Orc:4    | Found Xicluj's Armour Shop.
 24642 | Orc:4    | Bought a scroll of magic mapping for 38 gold pieces
 24682 | Orc:4    | Found Xamoq's Magic Scroll Boutique.
 25327 | Orc:2    | Found a roughly hewn altar of Beogh.
 25981 | D:12     | Reached skill level 14 in Shields
 27591 | D:13     | Found Zymias's Food Shoppe.
 27634 | D:13     | Reached skill level 10 in Fighting
 28111 | D:14     | Got a sparkling gossamer ring
 28113 | D:14     | Identified the ring "Lawoil" {*Contam rPois rF+ rN+ SInv} (You found it on level 14 of the Dungeon)
 28362 | D:14     | Reached skill level 10 in Invocations
 28560 | D:14     | Reached XP level 15. HP: 85/126 MP: 21/21
 28616 | D:14     | Reached skill level 15 in Armour
 28796 | D:14     | Found a gate to the Vaults.
 29177 | D:15     | Entered Level 15 of the Dungeon
 30174 | D:15     | Reached skill level 15 in Maces & Flails
 30785 | Elf:1    | Entered Level 1 of the Elven Halls
 30913 | Elf:1    | Gained mutation: [Your body sometimes deteriorates upon taking damage.] [mutagenic glow]
 31093 | Elf:1    | Found an ancient bone altar of Kikubaaqudgha.
 31093 | Elf:1    | Noticed Azrael
 31109 | Elf:1    | Killed Azrael
 31109 | Elf:1    | Reached skill level 15 in Shields
 31171 | Elf:1    | Noticed a Shadow Fiend
 31191 | Elf:1    | Reached skill level 10 in Dodging
 32174 | Elf:2    | Noticed Saint Roka
 32533 | Orc:4    | Bought the +4 plate armour of the Game of Life {rF- Regen+ Str+7} for 865 gold pieces
 32946 | Snake:1  | Entered Level 1 of the Snake Pit
 33276 | Snake:1  | Reached XP level 16. HP: 98/134 MP: 22/22
 33291 | Snake:1  | Reached skill level 16 in Maces & Flails
 33786 | Snake:1  | Noticed Louise
 33795 | Snake:1  | Cast into the Abyss (Louise)
 33873 | Abyss:1  | Identified a scroll of acquirement
 33873 | Abyss:1  | Got a smoking cloak
 33884 | Abyss:1  | Identified the +2 cloak "Pitegg" {rElec rF+} (You acquired it on level 1 of the Abyss)
 33924 | Abyss:1  | Noticed a tentacled starspawn
 33930 | Abyss:1  | Killed a tentacled starspawn
 33970 | Abyss:1  | Noticed a tentacled monstrosity
 33982 | Abyss:1  | Noticed a tentacled starspawn
 34001 | Abyss:1  | Noticed a tentacled starspawn
 34015 | Abyss:1  | Paralysed by accursed screaming for 1 turns
 34040 | Abyss:1  | Noticed a tentacled starspawn
 34073 | Abyss:1  | Killed a tentacled starspawn
 34101 | Abyss:1  | Found a stormy altar of Qazlal.
 34181 | Abyss:1  | Noticed a lich
 34229 | Abyss:1  | Noticed a tentacled starspawn
 34233 | Abyss:1  | Killed a tentacled starspawn
 34298 | Abyss:1  | Noticed a tentacled starspawn
 34299 | Abyss:1  | Noticed a tentacled starspawn
 34312 | Abyss:1  | Found a corrupted altar of Lugonu.
 34317 | Abyss:1  | Paralysed by accursed screaming for 1 turns
 34321 | Abyss:1  | Noticed an Executioner
 34340 | Abyss:1  | Slain by a starcursed mass

Vault maps used:
D:1:      mrwooster_arrival_statue_3
D:2:      uniq_natasha
D:3:      minmay_box_of_dots
D:4:      nicolae_overflow_hidden_temple, uniq_pikel
D:5:      minmay_temple_entry_from_below_a, first_bread,
          minmay_misc_feat_hallway
D:6:      basic_altar, lemuel_statue_altar, uniq_duvessa
D:7:      overflow_temple_1_default, uniq_crazy_yiuf_cottage
D:8:      nicolae_ru_great_annihilating_truth, lair_0_dummy, serial_shops, shop,
          hangedman_little_slice_of_home, corexii_leaking_fountain
D:9:      orc_0_dummy, serial_ice, serial_ice_e, serial_ice_d, serial_ice_f,
          serial_ice_l, uniq_psyche
D:10:     basic_altar, minmay_bad_closet
D:11:     small_statue_alley_a
D:13:     serial_shops, shop
D:14:     minmay_box_of_statues, david_vaults_1, serial_park_tiny_2
D:15:     hangedman_depths_entry_civil_slaughter, minmay_misc_feat_x,
          minmay_variable_closet
Lair:2:   special_room
Lair:3:   minmay_shoals_entry_lonely_mermaid, special_room,
          roderic_lost_polar_bear, uniq_maud
Lair:4:   dummy_snake_entry
Lair:6:   dpeg_oklob_gauntlet, slime_altar_1, minivault_25, lemuel_fruit_tree
Snake:1:  grunt_ministairs_7, uniq_louise
Orc:1:    serial_shops, shop
Orc:2:    basic_altar
Orc:3:    nicolae_orc_pool_cavern, uniq_nergalle
Orc:4:    st_orc_ogre_mass, serial_shops, shop_fountains,
          nicolae_orc_flooded_monolith
Elf:1:    basic_altar, hangedman_elf_represent, minivault_16, uniq_azrael
Elf:2:    mu_enter_wizlab_2, uniq_saint_roka
Abyss:1:  minivault_25_ag

Action                   |  1- 3 |  4- 6 |  7- 9 | 10-12 | 13-15 | 16-18 || total
-------------------------+-------+-------+-------+-------+-------+-------++-------
Melee: Flail             |    82 |   117 |    33 |   392 |       |       ||   624
       Whip              |       |       |   527 |       |       |       ||   527
       Morningstar       |       |       |       |   486 |  1417 |    99 ||  2002
Throw: Stone             |       |       |     6 |       |       |       ||     6
       Tomahawk          |       |       |       |    15 |       |       ||    15
Invok: Elemental Force   |       |       |       |     1 |     2 |       ||     3
       Disaster Area     |       |       |       |     1 |     1 |     1 ||     3
       Upheaval          |       |       |       |       |     8 |     1 ||     9
Evoke: Wand              |       |       |       |       |     2 |       ||     2
  Use: Scroll            |       |     1 |    18 |    12 |    10 |     3 ||    44
       Potion            |       |       |       |     7 |     2 |     2 ||    11
 Stab: Invisible         |       |       |     2 |     4 |       |       ||     6
       Paralysed         |       |       |     1 |       |       |       ||     1
  Eat: Chunk             |       |    22 |    21 |    39 |    51 |     2 ||   135
